 Dungeon Crawl Stone Soup version 0.28.0-53-g5a82cb258f (webtiles) character file.

Game seed: 15613309842719383558

226 Tirrikindir the Ruffian (level 5, -3/58 HPs)
             Began as a Troll Fighter on Aug 14, 2022.
             Was a Believer of Ru.
             Killed from afar by an orc wizard (6 damage)
             ... with a magic dart
             ... on level 4 of the Dungeon.
             The game lasted 00:06:58 (2435 turns).

Tirrikindir the Ruffian (Troll Fighter)             Turns: 2435, Time: 00:06:59

Health: -3/58      AC:  5    Str: 23 (24) XL:     5   Next: 69%
Magic:  4/4        EV:  9    Int:  4      God:    Ru [**....]
Gold:   171        SH:  7    Dex: 11      Spells: 4/4 levels left

rFire   x . .      SeeInvis .     - Unarmed
rCold   x . .      Faith    .   b - +0 kite shield
rNeg    . . .      Spirit   .   j - +1 robe {Will+}
rPois   .          Reflect  .   (helmet restricted)
rElec   .          Harm     .   (no cloak)
rCorr   .          Rampage  .   (gloves unavailable)
Will    +....                   (boots unavailable)
Stlth   ..........              (no amulet)
HPRegen 0.99/turn               (no ring)
MPRegen 0.09/turn               (no ring)

@: no status effects
A: large, unfitting armour, claws 3, regeneration 1, shaggy fur 1, tough skin 1,
no stealth, temperature sensitive, deterioration 1, robust 1
a: Renounce Religion


You were on level 4 of the Dungeon.
You worshipped Ru.
Ru was pleased with you.
You visited 1 branch of the dungeon, and saw 4 of its levels.

You collected 171 gold pieces.

Inventory:

Hand Weapons
 i - a +1 flail
Missiles
 g - 3 boomerangs (quivered)
 l - 3 poisoned darts
Armour
 b - a +0 kite shield (worn)
 j - a +1 robe of willpower (worn)
Wands
 e - a wand of flame (19)
Scrolls
 a - a scroll of enchant weapon
 f - 2 scrolls of teleportation {unknown}
 h - a scroll of fog
 k - a scroll of blinking
Potions
 c - 3 potions of might
 d - 2 potions of curing


   Skills:
 + Level 3.1 Fighting
 + Level 1.0 Throwing
 + Level 3.1 Dodging
 + Level 3.1 Shields
 * Level 3.7 Unarmed Combat
 + Level 0.6 Evocations


You had 4 spell levels left.
You didn't know any spells.
Your spell library contained the following spells:

 Spells                   Type           Power      Damage    Failure   Level
 Apportation              Tloc           0%         N/A       80%         1
 Freeze                   Ice            0%         1d3       80%         1
 Corpse Rot               Necr/Air       0%         N/A       90%         2
 Poisonous Vapours        Pois/Air       0%         N/A       90%         2
 Frozen Ramparts          Ice            0%         1d2       99%         3
 Gell's Gravitas          Tloc           0%         N/A       99%         3
 Teleport Other           Tloc           0%         N/A       99%         3
 Hailstorm                Conj/Ice       0%         3d3       100%        4
 Alistair's Intoxication  Tmut/Pois      0%         N/A       100%        5
 Dispersal                Tloc           0%         N/A       100%        6


Dungeon Overview and Level Annotations

Branches:
Dungeon (4/15)
 Temple: D:4-7

Altars:
Fedhas
Ru
Sif Muna

Annotations:
D:4 Robin


Innate Abilities, Weirdness & Mutations

You are too large for most types of armour.
You have claws for hands.
Your natural rate of healing is unusually fast.
You are covered in fur. (AC +1)
You have tough skin. (AC +1)
You cannot be stealthy.
You are sensitive to extremes of temperature. (rF-, rC-)
Your body sometimes deteriorates upon taking damage.
You are robust. (+10% HP)


Message History

The orc wizard is moderately wounded.
You redirect the orc wizard's attack!
You block the orc wizard's attack.
The orc priest calls upon Beogh to heal the orc wizard.
The orc wizard's wounds heal themselves!
You completely miss the orc priest.
The orc priest is severely wounded.
The orc wizard barely misses you. You block the orc wizard's attack.
The orc priest hits you with a +0 flail.
You scratch the orc priest.
The orc priest is almost dead.
The orc wizard barely misses you.
The orc wizard points at you and mumbles some strange words.
The puff of flame hits you! The fire burns you terribly!
Your body deteriorates!
You feel weakened.
The orc priest hits you with a +0 flail!
You focus your inner power and illuminate the orc priest in retribution!
You claw the orc priest!
You kill the orc priest!
The orc wizard hits you but does no damage.
The orc wizard points at you and mumbles some strange words.
The puff of flame hits you! The fire burns you terribly!
* * * LOW HITPOINT WARNING * * *
The orc wizard barely misses you.
The orc wizard hits you with a +2 dagger of protection.
* * * LOW HITPOINT WARNING * * *
Your Throwing skill increases to level 1!
You feel better.
Robin roars a battlecry!
You block the orc wizard's attack.
The orc wizard gestures at you while chanting.
The puff of flame hits you! The fire burns you terribly!
* * * LOW HITPOINT WARNING * * *
You hear a shout! x5
You closely miss the orc wizard.
The orc wizard hits you with a +2 dagger of protection.
* * * LOW HITPOINT WARNING * * *
The orc wizard gestures at you while chanting.
The magic dart hits you.
You die...

....##.............
....##................# ..#
#......#..........##
..###......#............
...#.........## ......
#......##.....# #......
...###........###.......
...##..#..<....#)o......
....#.......###.@o......
....<.รท###..##..........
#...)..# #..#.....##.... .......#
.#......(# ...
...###......#.....# .
..#.##..........g..
#...................
##......###.###.g......###.......
####..### . ..........#..#.....


You could see Robin, 2 orc wizards and a goblin (strong).

Vanquished Creatures
  An orc priest (D:4)
  An iguana (D:4)
  A howler monkey zombie (D:4)
  6 adders
  3 gnolls (D:2)
  A worm (D:2)
  5 dart slugs
  5 orcs
  2 endoplasms (D:2)
  4 giant cockroaches
  4 hobgoblins
  4 jackals (D:1)
  4 kobolds
  2 quokkas (D:1)
  4 ball pythons
  4 bats
  A frilled lizard (D:2)
  7 goblins
  4 rats
63 creatures vanquished.

Notes
Turn   | Place    | Note
-------+----------+-------------------------------------------
     0 | D:1      | Tirrikindir the Troll Fighter began the quest for the Orb.
     0 | D:1      | Reached XP level 1. HP: 22/22 MP: 0/0
    22 | D:1      | Found a faded altar of an unknown god.
    37 | D:1      | Prayed at the altar of an unknown god.
    37 | D:1      | Became a worshipper of Ru the Awakened
    43 | D:1      | Gained mutation: You are sensitive to extremes of
                  | temperature. (rF-, rC-) [Ru sacrifice]
    43 | D:1      | Reached * piety under Ru
    43 | D:1      | Reached ** piety under Ru
   162 | D:1      | Reached XP level 2. HP: 29/29 MP: 1/1
   736 | D:2      | Reached XP level 3. HP: 30/36 MP: 2/2
  1178 | D:2      | Reached XP level 4. HP: 36/44 MP: 3/3
  1323 | D:2      | Gained mutation: Your body sometimes deteriorates upon
                  | taking damage. [potion of mutation]
  1323 | D:2      | Gained mutation: You are robust. (+10% HP) [potion of
                  | mutation]
  1917 | D:3      | Found a blossoming altar of Fedhas.
  1917 | D:3      | Found a shimmering blue altar of Sif Muna.
  1931 | D:3      | Gained mutation: You cannot be stealthy. [Ru sacrifice]
  2192 | D:4      | Reached XP level 5. HP: 50/58 MP: 4/4
  2353 | D:4      | Noticed an ogre
  2353 | D:4      | Noticed Robin
  2434 | D:4      | Reached skill level 1 in Throwing
  2435 | D:4      | Killed from afar by an orc wizard

Illustrated notes

Levels and vault maps discovered:
D:1:      evilmike_arrival_home_sweet_home, layout_basic,
          chequers_ecumenical_altar_island
D:2:      layout_loops_ring, grunt_ministairs_8
D:3:      layout_loops_ring, gammafunk_temple_overflow_pools
D:4:      layout_cave_pools, uniq_robin, uniq_grinder, uniq_ijyb

Skill      XL: |  1  2  3  4  5 |
---------------+----------------+-----
Unarmed Combat | 3 |  3.7
Fighting       | 3 |  3.1
Shields        | 3 |  3.1
Dodging        | 3 |  3.1
Throwing       | 1 |  1.0
Evocations     | |  0.6

Action                   |  1- 3 |  4- 6 || total
-------------------------+-------+-------++-------
Melee: Unarmed           |    67 |    83 ||   150
Throw: Boomerang         |       |     4 ||     4
Invok: Sacrifice Resista |     1 |       ||     1
       Sacrifice Stealth |       |     1 ||     1
  Use: Scroll            |     6 |     1 ||     7
       Potion            |     1 |     2 ||     3
 Stab: Sleeping          |     2 |     1 ||     3
Armor: Robe              |    17 |    28 ||    45
Dodge: Dodged            |    21 |    24 ||    45
Block: Kite shield       |    21 |    34 ||    55
